 Dungeon Crawl Stone Soup version 0.20-a0-809-gaf7f668 (webtiles) character file.

14 Musica the Caller (level 2, 0/19 HPs)
             Began as a Barachian Summoner on Mar 3, 2017.
             Slain by a jackal (2 damage)
             ... on level 1 of the Dungeon.
             The game lasted 00:04:23 (457 turns).

Musica the Caller (Barachian Summoner)               Turns: 457, Time: 00:04:27

Health: 0/19       AC:  2    Str:  9    XL:     2   Next: 41%
Magic:  2/5        EV: 12    Int: 15    God:
Gold:   33         SH:  0    Dex: 12    Spells: 3/6 levels left

rFire    . . .     SeeInvis .   e - +0 club
rCold    . . .     Gourm    .   a - +0 robe
rNeg     . . .     Faith    .   (no shield)
rPois    .         Spirit   .   (no helmet)
rElec    .         Reflect  .   (no cloak)
rCorr    .         Harm     .   (no gloves)
MR       .....                  (no boots)
Stlth    ++........             (no amulet)
Regen    0.1/turn               (no ring)
MPRegen  0.1/turn               (no ring)

@: slow
A: +LOS, swims, slowness 1, strong legs 1
a: Hop


You were on level 1 of the Dungeon.
You were not hungry.

You visited 1 branch of the dungeon, and saw 2 of its levels.

You collected 33 gold pieces.

Inventory:

Hand Weapons
 e - a +0 club (weapon)
Missiles
 j - 14 sling bullets
Armour
 a - a +0 robe (worn)
 h - a +1 cloak
Jewellery
 d - an uncursed ring of protection from fire
Scrolls
 k - a scroll of fog {unknown}
 l - a scroll of enchant armour {unknown}
Potions
 f - a potion of agility {unknown}
 i - a potion of berserk rage {unknown}
Books
 b - a book of Callings

   Spells                             Type                      Level
   a - Summon Small Mammal            Summoning                    1
   b - Call Imp                       Summoning                    2
   c - Call Canine Familiar           Summoning                    3
   d - Summon Guardian Golem          Hexes/Summoning              3
   e - Summon Lightning Spire         Summoning/Air                4
   f - Summon Ice Beast               Ice/Summoning                4
Comestibles
 c - 2 bread rations
 g - 3 meat rations


   Skills:
 - Level 2.1 Dodging
 - Level 1.7 Stealth
 + Level 2.5 Spellcasting
 + Level 5.3 Summonings


You had 3 spell levels left.
You knew the following spells:

 Your Spells              Type           Power        Failure   Level  Hunger
a - Summon Small Mammal   Summ           ###.         2%          1    #......
b - Call Imp              Summ           ###.....     4%          2    ###....


Dungeon Overview and Level Annotations

Branches:
Dungeon (2/15)

Altars:


Innate Abilities, Weirdness & Mutations

Shadows flee at your approach. (+LOS)
You can swim through water.
You cover ground slowly.
You can hop short distances.


Message History

You barely miss the kobold. The goblin closely misses you.
The kobold hits you but does no damage.
Your shadow imp barely misses the kobold.
Your crimson imp hits the kobold.
A jackal comes into view.
You strike the helpless kobold from behind!
You hit the kobold.
You kill the kobold!
The goblin hits you with a dagger. The goblin closely misses you.
You are too injured to fight recklessly!
You are too injured to fight recklessly!
Unknown command.
You closely miss the goblin. The jackal bites you.
* * * LOW HITPOINT WARNING * * *
Your shadow imp closely misses the goblin.
Your crimson imp closely misses the goblin.
The goblin hits you with a dagger.
* * * LOW HITPOINT WARNING * * *
The jackal bites you.
You die...

#...........# #...........#
. #...........#
..######...........# ###
...................#
#>##..##...................#
...........................#
...........................#
.#######.......†@g...#######
.# .......h55........ ..
.................. ...
.......hh.......). ....
................... .....
.......h........... ......
................... ..
.................. #.
..................


You could see 4 jackals, a goblin, a friendly crimson imp and a friendly shadow
imp.

Vanquished Creatures
  A goblin (D:1)
  A hobgoblin (D:1)
  A kobold (D:1)
  A frilled lizard (D:1)
4 creatures vanquished.

Vanquished Creatures (collateral kills)
  A dart slug (D:1)
  A leopard gecko (D:1)
  A giant cockroach (D:1)
  3 goblins (D:1)
  2 hobgoblins (D:1)
  A bat (D:1)
  2 rats (D:1)
11 creatures vanquished.

Grand Total: 15 creatures vanquished

Notes
Turn   | Place    | Note
-------+----------+-------------------------------------------
     0 | D:1      | Musica the Barachian Summoner began the quest for the Orb.
     0 | D:1      | Reached XP level 1. HP: 13/13 MP: 3/3
    84 | D:1      | Reached skill level 5 in Summonings
   213 | D:1      | Reached XP level 2. HP: 6/19 MP: 1/5
   386 | D:1      | Learned a level 2 spell: Call Imp
   457 | D:1      | Slain by a jackal

Vault maps used:
D:1:      onia_arrival_handbag, serial_park_tiny_1
D:2:      marbit_many_paths, nicolae_overflow_hidden_temple,
          chequers_ecumenical_altar_island

Skill      XL: |  1 |
---------------+----+-----
Summonings     | 5 |  5.3
Dodging        | |  2.1
Stealth        | |  1.7
Spellcasting   | |  2.5

Action                   || total
-------------------------++-------
Melee: Unarmed           ||    13
       Club              ||    18
 Cast: Summon Small Mamm ||    14
       Call Imp          ||     2
 Stab: Distracted        ||     1
Armor: Robe              ||    10
Dodge: Dodged            ||    32
